Unix NetHack Version 5.0.0-0 post-release - last build May  3 2026 23:40:34 (9823c992c0763bbd039eca2974112f46eaf799b3,branch:main).

Game began 2026-05-04 03:18:24, ended 2026-05-04 03:25:14.

BeardyHaddock, chaotic male elven Wizard

                                   ---
               -- --              -..|
               |.--.     | --  ---...|
                ....-   .| .|  ......-
                  ...---.|-.|  ......
         ----- --  -.)...||.| .....
         ..... |.---..<----.--...-
            -...................-
            --.........`...%....|
             -------.)[.[...@...|
                   --.......--- -
                    --.-...--
                     .......|
                    |..--..--
                    |..|----
                    |..|
                    ----
BeardyHaddock the Conjurer  St:10 Dx:8 Co:14 In:20 Wi:16 Ch:11  Chaotic
Dlvl:3  $:25 HP:0(21) Pw:13(21) AC:9  Xp:3 T:1147  Blind Deaf

Latest messages:
 It bites the gnome.
 The gnome is killed!
 You finish eating the gnome corpse.
 You hear rumbling nearby.
 There is a branch staircase up to the Dungeons of Doom here.
 You see here a dagger.
 You see here a food ration.
 v - a food ration.
 The dwarf throws an elven dagger!
 You are hit by an elven dagger.
 In what direction? 6
 The spell hits the dwarf!
 You kill the dwarf!
 Welcome to experience level 3.
 The dwarf throws a dagger!
 You are hit by a dagger.
 You attack thin air.
 You swap places with your kitten.
 You see here a red gem.
 There is a branch staircase up to the Dungeons of Doom here.
 You see here a dagger.
 Your kitten eats a dwarf corpse.
 w - a dagger.
 You see here a red gem.
 The dwarf picks up a red gem.
 x - a red gem.
 In what direction? 2
 The spell hits the dwarf!
 You kill the dwarf!
 There are several objects here.
 x - a red gem (2 in total).
 y - a white gem.
 Your kitten eats a dwarf corpse.
 Click!  You trigger a rolling boulder trap!
 You are hit by a boulder!
 z - a tripe ration.
 You see here a dwarf corpse.
 You are momentarily blinded by a flash of light!
 You hear a deafening roar!
 You have trouble lifting a dwarf corpse.  Continue? [ynq] (q) n
 It bites!
 You get zapped!
 It touches you!
 It hits!
 You die...
 Do you want your possessions identified? [ynq] (y) n
 Do you want to see your attributes? [ynq] (y) n
 Do you want an account of creatures vanquished? [ynaq] (y) n
 Do you want to see your conduct and achievements? [ynq] (y) n
 Do you want to see the dungeon overview? [ynq] (y) n

Inventory:
 Coins    ('$')
  $ - 25 gold pieces
 Weapons  (')')
  w - a cursed -1 dagger
  a - a blessed +1 quarterstaff (weapon in hands)
 Armor    ('[')
  b - an uncursed +0 cloak of magic resistance (being worn)
 Comestibles  ('%')
  r - an uncursed cram ration
  v - an uncursed food ration
  z - a cursed tripe ration
  p - an uncursed egg
 Scrolls  ('?')
  i - 2 uncursed scrolls of identify
  k - an uncursed scroll of magic mapping
  j - an uncursed scroll of remove curse
 Spellbooks  ('+')
  m - an uncursed spellbook of clairvoyance
  l - a blessed spellbook of force bolt
 Potions  ('!')
  g - a blessed potion of blindness
  h - an uncursed potion of paralysis
  f - an uncursed potion of water
 Rings    ('=')
  e - an uncursed ring of conflict
  d - an uncursed ring of shock resistance
 Wands    ('/')
  c - a wand of opening (0:8)
 Tools    ('(')
  o - an uncursed bell
  t - an uncursed leash
  n - a magic marker (0:21)
  q - an uncursed tin whistle
 Gems/Stones  ('*')
  s - an uncursed worthless piece of orange glass
  x - 2 uncursed worthless pieces of red glass
  y - an uncursed worthless piece of white glass

BeardyHaddock the Wizard's attributes:

Background:
 You were a Conjurer, a level 3 male elven Wizard.
 You were chaotic, nominally on a mission for Anhur
 who was opposed by Ptah (lawful) and Thoth (neutral).
 You were right-handed.
 You were in the Gnomish Mines, on level 3.
 You entered the dungeon 1147 turns ago.
 It was nighttime.
 There was a full moon in effect when your adventure ended.
 You had 54 experience points, 26 more were needed to attain level 4.

Basics:
 You had 0 out of 21 hit points.
 You had 13 out of 21 energy points (spell power).
 Your armor class was 9.
 Your wallet contained 25 zorkmids.
 Autopickup was off.

Final Characteristics:
 Your strength was 10 (limit:18).
 Your dexterity was 8 (limit:18).
 Your constitution was 14 (limit:16).
 Your intelligence was 20 (limit:20).
 Your wisdom was 16 (limit:20).
 Your charisma was 11 (limit:18).

Final Status:
 You were temporarily blind.
 You were deaf.
 You were held by a lichen (east).
 You weren't hungry.
 You were unencumbered.
 You were wielding a quarterstaff.
 You had basic skill with quarterstaff.

Final Attributes:
 You were devoutly aligned.
 You were magic-protected.
 You had infravision.
 You were warded.
 You were lucky.
 You are dead.

Miscellaneous:
 You didn't encounter any bones levels.
 Total elapsed playing time was 6 minutes and 50 seconds.

Major events:
 Turn
    1: BeardyHaddock the chaotic male elven Wizard entered the dungeon
 1086: entered the Gnomish Mines
 1123: attained the rank of Conjurer (level 3)
 1147: killed by a hobbit

Spells:
 Name                 Level Category     Fail Retention
 force bolt             1   attack         0%  91%-100%
 clairvoyance           3   divination    63%  76%-100%

Skills:
 Fighting Skills
   bare handed combat [Unskilled]
   riding             [Unskilled]
 Weapon Skills
   dagger             [Unskilled]
   knife              [Unskilled]
   axe                [Unskilled]
   short sword        [Unskilled]
   club               [Unskilled]
   mace               [Unskilled]
   quarterstaff       [Basic]
   polearms           [Unskilled]
   spear              [Unskilled]
   trident            [Unskilled]
   sling              [Unskilled]
   dart               [Unskilled]
   shuriken           [Unskilled]
 Spellcasting Skills
   attack spells      [Basic]
   healing spells     [Unskilled]
   divination spells  [Unskilled]
   enchantment spells [Basic]
   clerical spells    [Unskilled]
   escape spells      [Unskilled]
   matter spells      [Unskilled]

Voluntary challenges:
 Character rerolling was not enabled.
 You were an atheist.
 You were illiterate.
 You never genocided any monsters.
 You never polymorphed an object.
 You never changed form.
 You used no wishes.
Achievements:
 You entered the Gnomish Mines.
 You attained the rank of Conjurer.

 The Dungeons of Doom: levels 1 to 2
    Level 1:
    Level 2:
       Stairs down to The Gnomish Mines.
 The Gnomish Mines:
    Level 3: <- You were here.
       Final resting place for
          you, killed by a hobbit.


Vanquished creatures:
  2 dwarves
  a hobbit
  4 gnomes
  4 jackals
  a fox
  a sewer rat
  a grid bug
  3 lichens
  a newt
18 creatures vanquished.

No species were genocided or became extinct.

Game over:
                       ----------
                      /          \
                     /    REST    \
                    /      IN      \
                   /     PEACE      \
                  /                  \
                  |  BeardyHaddock   |
                  |      25 Au       |
                  |   killed by a    |
                  |      hobbit      |
                  |                  |
                  |                  |
                  |       2026       |
                 *|     *  *  *      | *
        _________)/\\_//(\/(/\)/\//\/|_)_______

Goodbye BeardyHaddock the Wizard...

You died in The Gnomish Mines on dungeon level 3 with 339 points,
and 25 pieces of gold, after 1147 moves.
You were level 3 with a maximum of 21 hit points when you died.

